 Dungeon Crawl Stone Soup version 0.27-a0-920-gb2bd10914a (webtiles) character file.

Game seed: 9874265492931188339

145 robertstho the Magician (level 5, 0/35 HPs)
             Began as a Djinni Fire Elementalist on Apr 9, 2021.
             Slain by a killer bee (5 damage)
             ... on level 3 of the Dungeon.
             The game lasted 00:04:10 (4179 turns).

robertstho the Magician (Djinni Fire Elementalist)  Turns: 4179, Time: 00:04:10

Health: 0/35       AC:  2    Str:  5 (7)  XL:     5   Next: 27%
Gold:   76         EV: 12    Int: 16 (18) God:
                   SH:  0    Dex: 10 (13)

rFire    + + .     SeeInvis .   e - +0 dagger (venom)
rCold    x . .     Faith    .   (no shield)
rNeg     . . .     Spirit   .   a - +0 robe
rPois    ∞         Reflect  .   (no helmet)
rElec    .         Harm     .   (no cloak)
rCorr    .         Rampage  .   (no gloves)
Will     .....                  (boots unavailable)
Stlth    ++........             (no amulet)
HPRegen  0.11/turn              (no ring)
MPRegen  0.00/turn              (no ring)

@: flying
A: fire resistance 2, cold vulnerability 1, float, innate caster, hp casting,
extra vitality 1
a: no special abilities


You were on level 3 of the Dungeon.
You visited 1 branch of the dungeon, and saw 4 of its levels.

You collected 118 gold pieces.
You spent 42 gold pieces at shops.

Inventory:

Hand Weapons
 e - a +0 dagger of venom (weapon)
 g - a +0 war axe
Armour
 a - a +0 robe (worn)
Scrolls
 b - a scroll of teleportation {unknown}
 c - a scroll of identify
 d - a scroll of blinking {unknown}
 f - a scroll of enchant armour {unknown}
 h - a scroll of silence
 l - 3 scrolls of magic mapping {unknown}
Potions
 i - 2 potions of degeneration
 j - a potion of flight {unknown}
 k - a potion of brilliance {unknown}


   Skills:
 + Level 0.2 Fighting
 + Level 2.4 Dodging
 + Level 3.0 Stealth
 + Level 4.1 Spellcasting


You couldn't memorise any spells.
You knew the following spells:

 Your Spells              Type           Power      Damage    Failure   Level
a - Foxfire               Conj/Fire      64%        2x1d7     3%          1
b - Conjure Flame         Conj/Fire      16%        6-21      9%          3
c - Inner Flame           Hex/Fire       16%        N/A       9%          3
d - Sticky Flame          Conj/Fire      16%        2d4       30%         4
e - Fireball              Conj/Fire      8%         3d6       63%         5
f - Sting                 Tmut/Pois      64%        1d6       3%          1
g - Corpse Rot            Necr/Air       N/A        N/A       4%          2
Your spell library was empty.

Dungeon Overview and Level Annotations

Branches:
Dungeon (4/15)
 Temple: D:4-7

Altars:
Kikubaaqudgha
Nemelex Xobeh
Ru

Shops:
D:1 :   D:2 ?


Innate Abilities, Weirdness & Mutations

You are immune to poison.
Your flesh is very heat resistant. (rF++)
You are vulnerable to cold. (rC-)
You float through the air rather than walking.
You learn spells naturally, not from books.
Your magical power is your life essence.
You have superior vitality. (+4 HP)


Message History

Done exploring.
Done exploring.
Done exploring.
(D) Dungeon
Where to? (Enter - D:3, ? - help)
There is a shaft here.
There is a stone staircase leading down here.
You fly downwards. 4 killer bees come into view.
Found a potion of degeneration.
There is a stone staircase leading up here.
The killer bee stings you. The killer bee misses you.
The killer bee buzzes angrily. x2
You fly upwards.
There is a stone staircase leading down here.
Casting: Foxfire (safe; 3% risk of failure)
Confirm with . or Enter, or press ? or * to list all spells.
The spell is extremely dangerous to cast (30% risk of failure)!
Continue anyway? [Y]es or [N]o only, please.
The spell is extremely dangerous to cast (30% risk of failure)!
Continue anyway?
Okay, then.
The killer bee stings you!
Casting: Sticky Flame (extremely dangerous; 30% risk of failure)
Confirm with . or Enter, or press ? or * to list all spells.
You conjure some foxfire!
The killer bee closely misses you.
The killer bee stings you but does no damage.
The foxfire hits the killer bee.
The killer bee is lightly wounded.
The foxfire hits the killer bee.
The killer bee is moderately wounded.
The killer bee misses you. The killer bee stings you!
Unknown command.
The killer bee stings you.
* * * LOW HITPOINT WARNING * * *
Casting: Foxfire (safe; 3% risk of failure)
Confirm with . or Enter, or press ? or * to list all spells.
You conjure some foxfire!
* * * LOW HITPOINT WARNING * * *
The killer bee stings you.
You die...

##.####.#...#.### #...... ##..#
#.###.....## ##.....#
#...###.#####....# #..###.#
#######.#..##..## ###..###[.#...#
...........###..# #....).##.#.#
.#########.# #..## ###.......#.#
.#.......#.# #...# #####....##..#
.#.......#.# #..v###.....#.....#.
.#.......#.# ##.@....###.#.##....
.#..._...#.# ##yv.#####....##..)[
.#.......#.###>...####....#####.<
.#.......#..#...#....^...##.....#
.#.......#....#.#...........##..#
.####.####...##.#......#####...##
.............##.#.....######.###
.....)......###.......# #....#
#######.####...######## #.####


You could see a killer bee (ally target).

Vanquished Creatures
  An orc priest (D:3)
  An orc wizard (D:3)
  An adder (D:2)
  A worm (D:3)
  2 dart slugs
  6 orcs (D:3)
  7 bats
  5 endoplasms
  6 giant cockroaches
  8 hobgoblins
  2 quokkas
  7 ball pythons
  4 frilled lizards
  4 goblins (D:1)
  5 kobolds
  4 rats
64 creatures vanquished.

Vanquished Creatures (others)
  220 foxfires
220 creatures vanquished.

Grand Total: 284 creatures vanquished

Notes
Turn   | Place    | Note
-------+----------+-------------------------------------------
     0 | D:1      | robertstho the Djinni Fire Elementalist began the quest for
                  | the Orb.
     0 | D:1      | Reached XP level 1. HP: 15/15 MP: 0/0
   332 | D:1      | Reached skill level 3 in Spellcasting
   386 | D:1      | Reached XP level 2. HP: 18/21 MP: 0/0
   681 | D:1      | Found a faded altar of an unknown god.
  1010 | D:1      | Reached XP level 3. HP: 17/25 MP: 0/0
  1010 | D:1      | Learned a level 1 spell: Sting
  1151 | D:1      | Found Duoteek's Book Boutique.
  2403 | D:2      | Found Memutsig's Magic Scroll Shop.
  2410 | D:2      | Bought a scroll of identify for 28 gold pieces
  2410 | D:2      | Bought a scroll of noise for 14 gold pieces
  2520 | D:2      | Reached XP level 4. HP: 30/31 MP: 0/0
  2863 | D:3      | Found a sacrificial altar of Ru.
  3009 | D:3      | Reached skill level 4 in Spellcasting
  3138 | D:3      | Found a sparkling altar of Nemelex Xobeh.
  3519 | D:3      | Reached XP level 5. HP: 5/35 MP: 0/0
  3519 | D:3      | Learned a level 2 spell: Corpse Rot
  4179 | D:3      | Slain by a killer bee

Illustrated notes

Levels and vault maps discovered:
D:1:      shiori_arrival_elements, layout_basic, serial_shops, shop,
          chequers_ecumenical_altar_lobes
D:2:      layout_loops_ring, serial_shops, nicolae_shop_crystal
D:3:      layout_rooms, overflow_temple_1_default, lemuel_tele_altar,
          pf_just_have_faith, corexii_leaking_fountain, grunt_ministairs_9
D:4:      cheibrodos_pilgrimage, layout_rooms, serial_co_window_serial,
          co_window_paths_b, co_window_of_opportunity_a, co_window_corner_a,
          co_window_cross_1, co_window_cross_1, co_window_corner_a,
          co_window_cross_4, co_window_corner_ca, co_window_2corner,
          co_window_sun, glass_columns_a, grunt_ministairs_2,
          kennysheep_generic_room_8, uniq_eustachio

Skill      XL: |  1  2  3  4 |
---------------+-------------+-----
Spellcasting   | 3 4 |  4.1
Stealth        | 3 |  3.0
Fighting       | |  0.2
Dodging        | |  2.4

Action                   |  1- 3 |  4- 6 || total
-------------------------+-------+-------++-------
Melee: Hand axe          |     1 |       ||     1
       Dagger            |       |    12 ||    12
 Cast: Foxfire           |    89 |    49 ||   138
  Use: Scroll            |     2 |     1 ||     3
       Potion            |       |     2 ||     2
Armor: Robe              |     5 |     6 ||    11
Dodge: Dodged            |     9 |    13 ||    22

Table legend: (Time is in decaauts)
 A = Elapsed time spent in this place.
 B = Non-inter-level travel time spent in this place.
 C = Inter-level travel time spent in this place.
 D = Time resting spent in this place.
 E = Time spent auto-exploring this place.
 F = Levels seen in this place.
 G = Mean time per level.
                   A        B        C        D        E       F      G
               +--------+--------+--------+--------+--------+-----+--------+
         Total |   4162 |   4100 |     62 |    631 |   3010 |   4 | 1040.5 |
       Dungeon |   4162 |   4100 |     62 |    631 |   3010 |   4 | 1040.5 |
               +--------+--------+--------+--------+--------+-----+--------+

Top non-repeatable levels by time:
     D:1: 1860 daAuts
     D:2: 1168 daAuts
     D:3: 1130 daAuts
     D:4: 1 daAuts
